 Dungeon Crawl Stone Soup version 0.29-a0-275-g389c0b56f3 (webtiles) character file.

Game seed: 17159075763392414029

32 spaghetti the Ducker (level 3, -2/26 HPs)
             Began as an Octopode Chaos Knight on Mar 9, 2022.
             Was a Plaything of Xom.
             Slain by an adder (4 damage)
             ... on level 2 of the Dungeon.
             The game lasted 00:01:23 (959 turns).

spaghetti the Ducker (Octopode Chaos Knight)         Turns: 959, Time: 00:01:23

Health: -2/26      AC:  1    Str: 11    XL:     3   Next: 25%
Magic:  3/3        EV: 16    Int: 14    God:    Xom [*.....]
Gold:   21         SH:  0    Dex: 13    Spells: 2/2 levels left

rFire   . . .      SeeInvis .   a - +0 hand axe (chaos) {axe}
rCold   . . .      Faith    .   (no shield)
rNeg    . . .      Spirit   .   (helmet restricted)
rPois   .          Reflect  .   (no amulet)
rElec   .          Harm     .   (no ring)
rCorr   .          Rampage  .   (no ring)
Will    .....                   (no ring)
Stlth   ++........              (no ring)
HPRegen 0.08/turn               (no ring)
MPRegen 0.08/turn               (no ring)
                                (no ring)
                                (no ring)

@: lethally poisoned (-2 -> -5), flying
A: almost no armour, amphibious, 8 rings, camouflage 1, gelatinous body 1,
(nimble swimmer 1), tentacles
a: Renounce Religion


You were on level 2 of the Dungeon.
You worshipped Xom.
You were a special plaything of Xom.
You visited 1 branch of the dungeon, and saw 2 of its levels.

You collected 21 gold pieces.


Innate Abilities, Weirdness & Mutations

You cannot wear most types of armour.
You are amphibious.
You can wear up to eight rings at the same time.
Your skin changes colour to match your surroundings (Stealth+).
Your rubbery body absorbs attacks. (AC +1, EV +1)
((You are camouflaged when in or above water. (Stealth+)))
You have tentacles for arms and can constrict up to eight enemies at once.


   Skills:
 - Level 3.1 Fighting
 - Level 3.0 Axes
 + Level 7.8 Dodging


You had 2 spell levels left.
You didn't know any spells.
Your spell library was empty.

Inventory:

Hand Weapons
 a - a +0 hand axe of chaos (weapon) {axe}
Missiles
 c - 6 poisoned darts {throwing}
Miscellaneous
 b - a piece from Xom's chessboard (15/15) (quivered)

Dungeon Overview and Level Annotations

Branches:
Dungeon (2/15)

Altars:

≈....≈......$.....
.≈≈..≈...........#..
...≈≈...............
≈.....$..†..........
≈≈........!.........
≈≈≈≈≈≈###...........
#≈≈≈≈###..J.........
#### #.....Sg.......
#..###...@....... #.
#........... ..
............#.. .
.........####
....#####.# .>.. ..
... ###


You could see an adder, an endoplasm and a goblin.


Message History

There is a stone staircase leading down here.
You see here a giant cockroach corpse. "See what I see, my child!"
You detect nothing.
Key pressed, stopping explore.
You see here a +0 short sword {short}.
You now have 21 gold pieces (gained 6).
Key pressed, stopping explore.
Key pressed, stopping explore.
Done exploring.
Done exploring.
(D) Dungeon
Where to? (? - help)
There is a stone staircase leading down here.
You see here a giant cockroach corpse.
You climb downwards.
Found a metallic coppery potion and 12 gold pieces.
Found a stone staircase leading down.
There is a stone staircase leading up here.
A bat is nearby!
Unknown command.
Unknown command.
A bat is nearby!
A rat comes into view.
A goblin comes into view. It is wielding a +0 club.
You see here a metallic coppery potion.
The helpless bat fails to defend itself.
You hit the bat.
You kill the bat!
An adder comes into view.
The goblin shouts!
An endoplasm comes into view.
The rat bites you. 😕 HP[-1]
You take 1 damage, and now have 25/26 hp.
The endoplasm quivers.
You hit the rat.
The rat is moving more slowly.
You grab the rat. You constrict the rat. The rat bites you.
You hit the rat. You burn the rat.
You kill the rat!
The adder bites you.
You are poisoned.
The adder poisons you! 😮 HP[-6]
You take 6 damage, and now have 19/26 hp.
MASSIVE DAMAGE!! (PAUSE)
You closely miss the adder. Your grab misses the adder.
You feel sick.
An adder comes into view.
The adder misses you. 😮 HP[-2]
You take 2 damage, and now have 17/26 hp.
It was a potion of heal wounds.
You feel much better.
Xom roars with laughter!
You feel sick. The adder bites you.
You are more poisoned.
The adder poisons you! 😕 HP[+7]
You regained 7 hp, and now have 24/26 hp.
It was a potion of flight.
You feel very buoyant.
You fly up into the air.
You feel sick. The adder closely misses you.
The goblin hits you with a +0 club. The adder bites you.
You are more poisoned.
The adder poisons you! 😮 HP[-9]
You take 9 damage, and now have 15/26 hp.
MASSIVE DAMAGE!! (PAUSE) Unknown command.
* * * LOW HITPOINT WARNING * * *
You feel very sick. The goblin closely misses you. The adder bites you.
* * * LOW HITPOINT WARNING * * *
😨 HP[-4]
You take 4 damage, and now have 11/26 hp.
* * * LOW HITPOINT WARNING * * *
You feel sick. 😨 HP[-2]
You take 2 damage, and now have 9/26 hp.
Unknown command.
You aren't carrying any scrolls.
Unknown command.
* * * LOW HITPOINT WARNING * * *
You feel sick. "How about this?"
The floor seems to fall away from under you!
You are now a special plaything of Xom.
The adder completely misses you. 😨 HP[-1]
You take 1 damage, and now have 8/26 hp.
You feel sick. 😨 HP[-1]
You take 1 damage, and now have 7/26 hp.
You feel sick.
There is a stone staircase leading up here. 😱 HP[-1]
You take 1 damage, and now have 6/26 hp.
You feel sick. The adder bites you.
* * * LOW HITPOINT WARNING * * *
The goblin barely misses you. The adder bites you.
You die...

Skill      XL: |  1 |
---------------+----+-----
Dodging        | 7 |  7.8
Fighting       | |  3.1
Axes           | |  3.0

Action                   || total
-------------------------++-------
Melee: Hand axe          ||    38
       Constrict         ||     7
       Tentacles         ||     3
  Use: Potion            ||     2
       Scroll            ||     1
 Stab: Sleeping          ||     2
Armor: Skin              ||     1
Dodge: Dodged            ||    33

Levels and vault maps discovered:
D:1:      lightli_iron_boxes, layout_basic
D:2:      cheibrodos_helix_gallery, layout_rooms, minmay_crystal_water,
          kennysheep_generic_room_10

Notes
Turn   | Place    | Note
-------+----------+-------------------------------------------
     0 | D:1      | spaghetti the Octopode Chaos Knight began the quest for the
                  | Orb.
     0 | D:1      | Reached XP level 1. HP: 16/16 MP: 1/1
     0 | D:1      | magus.rc [v1.9.6]
    40 | D:1      | XOM: potion effect (experience)
    40 | D:1      | Reached skill level 7 in Dodging
    40 | D:1      | Reached XP level 2. HP: 11/21 MP: 2/2
   210 | D:1      | XOM: silly message
   273 | D:1      | XOM: silly message
   496 | D:1      | Reached XP level 3. HP: 26/26 MP: 3/3
   812 | D:1      | XOM: divination: detect items
   956 | D:2      | XOM: silly message
   958 | D:2      | HP: 6/26 [poisoned by an adder]
   959 | D:2      | HP: 2/26 [adder (3)]
   959 | D:2      | Slain by an adder

Vanquished Creatures
  3 bats
  3 endoplasms (D:1)
  3 giant cockroaches (D:1)
  2 goblins (D:1)
  4 hobgoblins (D:1)
  3 rats
18 creatures vanquished.

Table legend:
 A = Non-vault XP
 B = Vault XP
 C = Vault XP percentage of total XP
 D = Non-vault monster count
 E = Vault monster count
 F = Vault count percentage of total count
                 A         B        C        D         E       F
            +---------+---------+-------+---------+---------+-------
      Total |      32 |       0 |   0.0 |      18 |       0 |   0.0
            +---------+---------+-------+---------+---------+-------
        D:1 |      30 |       0 |   0.0 |      16 |       0 |   0.0
        D:2 |       2 |       0 |   0.0 |       2 |       0 |   0.0
            +---------+---------+-------+---------+---------+-------

Illustrated notes

Table legend:
 A = Kills in this place as a percentage of kills in entire the game.
 B = Kills by you in this place as a percentage of kills by you in the entire game.
 C = Kills by friends in this place as a percentage of kills by friends in the entire game.
 D = Other kills in this place as a percentage of other kills in the entire game.
 E = Experience gained in this place as a percentage of experience gained in the entire game.
 F = Experience gained in this place divided by the number of levels of this place that you have seen.
                   A       B       C       D       E      F
               +-------+-------+-------+-------+-------+----------------------
         Total | 100.0 | 100.0 |   N/A |   N/A | 100.0 |  16.0
       Dungeon | 100.0 | 100.0 |   N/A |   N/A | 100.0 |  16.0
               +-------+-------+-------+-------+-------+----------------------

Table legend: (Time is in decaauts)
 A = Elapsed time spent in this place.
 B = Non-inter-level travel time spent in this place.
 C = Inter-level travel time spent in this place.
 D = Time resting spent in this place.
 E = Time spent auto-exploring this place.
 F = Levels seen in this place.
 G = Mean time per level.
                   A        B        C        D        E       F      G
               +--------+--------+--------+--------+--------+-----+--------+
         Total |    964 |    952 |     12 |    249 |    578 |   2 |  482.0 |
       Dungeon |    964 |    952 |     12 |    249 |    578 |   2 |  482.0 |
               +--------+--------+--------+--------+--------+-----+--------+

Top non-repeatable levels by time:
     D:1: 945 daAuts
     D:2: 19 daAuts
